Match 24558589
Unlisted

Match 24558589
End
Construct Infanterie Kompanie
Selects Italian Coastal Battlegroup
Selects Coastal Reserves
Coastal Reserve
Coastal Reserve
MG 42 Machine Gun Team
Grenadier Squad
Selects Support Bunkers
Construct Panzergrenadier Kompanie
Selects Rapid Fortifications
Rapid Fortifications
MG 42 Bunker
Panzergrenadier Squad
Infanterie Officer Quarters
Rapid Fortifications
MG 42 Bunker
Construct Panzer Kompanie
Pak 40 Anti-tank Gun Team
Rapid Fortifications
Medical Bunker
Selects Bulwark
Selects Artillery Officer
Rapid Fortifications
Panzer IV Medium Tank
Anti-tank Bunker
Panzer IV Medium Tank
MG 42 Bunker
Rapid Fortifications
Anti-tank Bunker
Sturmpanzer IV Brummbär
Construct Luftwaffe Kompanie
Rapid Fortifications
Side Skirts
Support Elements
Grenadier Squad
Selects Coastal Wall
Anti-tank Bunker
Rapid Fortifications
Anti-tank Bunker
Coastal Reserve
Panzer IV Medium Tank
Pak 40 Anti-tank Gun Team
Jäger Squad
Panzer IV Medium Tank
Atomic Floyd
alessandro-9891
Karl Raimund Popper
Cpt. Zugluft
Apache
Folscher
0
0

Comments sign in to comment!

No comments posted yet!